 Dungeon Crawl Stone Soup version 0.21.1-1-g345015f (webtiles) character file.

2747 suicidejoker the Covert (level 9, -10/61 HPs)
             Began as an Octopode Assassin on Apr 15, 2018.
             Was an Initiate of Gozag.
             Mangled by Grum
             ... wielding a +1 halberd
              (12 damage)
             ... on level 8 of the Dungeon.
             The game lasted 00:24:57 (7912 turns).

suicidejoker the Covert (Octopode Assassin)         Turns: 7912, Time: 00:24:58

Health: -10/61     AC:  3    Str: 19    XL:     9   Next: 68%
Magic:  27/27      EV: 15    Int: 18    God:    Gozag
Gold:   396        SH:  4    Dex: 14    Spells: 20/20 levels left

rFire    + . .     SeeInvis .   a - +3 dagger
rCold    . . .     Gourm    .   u - +0 buckler
rNeg     . . .     Faith    .   w - +2 hat
rPois    .         Spirit   .   y - amulet "Taolocuz" {Harm *Drain +Blink Str+6 Int+5}
rElec    .         Reflect  .   o - ring of magical power
rCorr    .         Harm     +   E - ring of protection from fire
MR       .....                  (no ring)
Stlth    +++++.....             (no ring)
HPRegen  0.20/turn              (no ring)
MPRegen  0.20/turn              (no ring)
                                (no ring)
                                (no ring)

@: gold aura
A: almost no armour, stealthy swim, amphibious, 8 rings, constrict 8, camouflage
1, gelatinous body 1
a: Potion Petition, Call Merchant, Bribe Branch, Renounce Religion, Evoke Blink


You were on level 8 of the Dungeon.
You worshipped Gozag.
Gozag was aware of your devotion.
You were very hungry.

You visited 2 branches of the dungeon, and saw 9 of its levels.

You collected 901 gold pieces.
You spent 182 gold pieces at shops.
You paid 323 gold pieces to Gozag.

Inventory:

Hand Weapons
 a - a +3 dagger (weapon)
 b - a +0 blowgun
 r - a +0 vampiric war axe
 C - a +2 dagger of venom
 D - a +2 spear of piercing
Missiles
 c - 18 poisoned needles
 d - 2 curare-tipped needles
 k - 86 stones (quivered)
 n - a throwing net
 p - 9 tomahawks
 q - 8 javelins
Armour
 u - a +0 buckler (worn)
 w - a +2 hat (worn)
Magical Staves
 m - an uncursed staff of death
Jewellery
 g - an uncursed amulet of rage
 o - a ring of magical power (left tentacle)
 y - the amulet "Taolocuz" (around mantle) {Harm *Drain +Blink Str+6 Int+5}
   (You acquired it on level 6 of the Dungeon)

   [amulet of harm]

   It increases damage dealt and taken.
   It affects your strength (+6).
   It affects your intelligence (+5).
   It lets you blink.
   It causes draining when unequipped.
 E - a ring of protection from fire (right tentacle)
Wands
 t - a wand of polymorph (6)
 x - a wand of paralysis (3)
 A - a wand of scattershot (3)
Scrolls
 e - 5 scrolls of identify
 j - a scroll of amnesia
 s - 4 scrolls of teleportation
 B - a scroll of remove curse
Potions
 h - 5 potions of brilliance
 i - 4 potions of degeneration
 l - 2 potions of flight
 v - 3 potions of curing {unknown}
 z - a potion of heal wounds
Comestibles
 f - 9 rations


   Skills:
 + Level 5.2 Fighting
 + Level 5.1 Short Blades
 - Level 2.0 Throwing
 + Level 4.9 Dodging
 + Level 8.9 Stealth
 + Level 2.7 Shields
 * Level 6.2 Spellcasting
 + Level 3.9 Evocations


You had 20 spell levels left.
You didn't know any spells.

Dungeon Overview and Level Annotations

Branches:
Dungeon (8/15)             Temple (1/1) D:4
   Lair: D:8-11

Altars:
Ashenzari
Cheibriados
Dithmenos
Elyvilon
Fedhas
Gozag
Hepliaklqana
Kikubaaqudgha
Makhleb
Nemelex Xobeh
Okawaru
Qazlal
Ru
Sif Muna
Trog
Uskayaw
Vehumet
Wu Jian
Xom
Yredelemnul
The Shining One

Shops:
D:4 [   D:5 *

Annotations:
D:6 jujuben's ghost, novice GrEE
D:8 Grum


Innate Abilities, Weirdness & Mutations

You cannot wear most types of armour.
You are very stealthy in the water. (Stealth+)
You are amphibious.
You can wear up to eight rings at the same time.
You can use your tentacles to constrict eight enemies at once.
Your skin changes colour to match your surroundings (Stealth+).
Your rubbery body absorbs attacks. (AC +1, EV +1)


Message History

* * * LOW HITPOINT WARNING * * *
The wolf bites you.
* * * LOW HITPOINT WARNING * * *
You block the wolf's attack. The adder closely misses you. The wolf bites you.
* * * LOW HITPOINT WARNING * * *
The wolf closely misses you. The adder bites you.
* * * LOW HITPOINT WARNING * * *
You see here 3 gold pieces.
Okay, then. [a] - 476 gold - haste, agility and flight [b] - 420 gold - haste and brilliance [c] - 275 gold - curing and magic Purchase which effect?
You no longer have enough gold to petition Gozag for potion effects.
You feel better. Magic courses through your body. The wolf bites you!
* * * LOW HITPOINT WARNING * * *
You block the wolf's attack. The wolf misses you.
Grum hits you from afar with an enchanted halberd!
You die...
Your body crumbles into a pile of gold.

#.##.......####
#..............
######.....##
+.....# #.....#
###...# #...#
#..h########
#..h@.......
#..hS####.##
#........gh....
................
#...............#
#######.....$...#
#...#####.. .....
## #....#


You could see Grum, 4 wolves and an adder.

Vanquished Creatures
  Prince Ribbit (D:7)
  Sigmund (D:2)
  Menkaure (D:7)
  An ice beast (D:6)
  A sky beast (D:5)
  6 ogres
  3 phantoms
  2 centaurs
  A bullfrog (D:8)
  3 scorpions
  2 crimson imps
  3 hounds
  2 bullfrog skeletons
  5 orc wizards
  3 orc priests
  A centaur skeleton (D:5)
  A jelly (D:6)
  An iguana (D:7)
  Terence (D:2)
  5 worker ants
  A howler monkey zombie (D:6)
  A worker ant zombie (D:7)
  4 gnolls (D:7)
  9 adders
  A shadow imp (D:6)
  3 worms
  4 dart slugs
  3 leopard geckos
  28 orcs
  2 ball pythons
  10 bats
  2 giant cockroaches
  9 hobgoblins
  17 jackals
  7 kobolds
  3 quokkas
  2 frilled lizards
  6 goblins (D:1)
  A leopard gecko zombie (D:5)
  A quokka skeleton (D:7)
  6 rats
164 creatures vanquished.

Notes
Turn   | Place    | Note
-------+----------+-------------------------------------------
     0 | D:1      | suicidejoker the Octopode Assassin began the quest for the Orb.
     0 | D:1      | Reached XP level 1. HP: 14/14 MP: 1/1
    70 | D:1      | Reached XP level 2. HP: 19/19 MP: 2/2
   274 | D:1      | Reached skill level 1 in Spellcasting
   353 | D:1      | Reached XP level 3. HP: 16/24 MP: 4/4
   928 | D:2      | Noticed Terence
   931 | D:2      | Killed Terence
   931 | D:2      | Reached XP level 4. HP: 30/30 MP: 6/6
   948 | D:2      | Noticed Sigmund
  1005 | D:2      | Killed Sigmund
  1005 | D:2      | Reached skill level 6 in Stealth
  1005 | D:2      | Reached XP level 5. HP: 36/36 MP: 6/9
  1005 | D:2      | Reached XP level 6. HP: 41/41 MP: 6/10
  2135 | D:3      | Found an iron altar of Okawaru.
  2819 | D:4      | Found Unubojun's Armour Boutique.
  2875 | D:4      | Found a deep blue altar of Sif Muna.
  2993 | D:4      | Reached XP level 7. HP: 40/46 MP: 12/12
  3115 | D:4      | Found a staircase to the Ecumenical Temple.
  3124 | Temple   | Entered the Ecumenical Temple
  3271 | Temple   | Became a worshipper of Gozag Ym Sagoz the Greedy
  3918 | D:3      | Reached skill level 7 in Stealth
  3973 | D:3      | Found a deep blue altar of Sif Muna.
  4215 | D:5      | Entered Level 5 of the Dungeon
  4218 | D:5      | Reached skill level 1 in Evocations
  4322 | D:5      | Reached XP level 8. HP: 39/54 MP: 14/14
  4531 | D:5      | Found Vajon's General Store.
  5167 | D:5      | Reached skill level 5 in Spellcasting
  5280 | D:5      | Found a blossoming altar of Fedhas.
  5283 | D:5      | Found an ancient bone altar of Kikubaaqudgha.
  5728 | D:5      | Bought a wand of paralysis (11) for 182 gold pieces
  5838 | D:6      | Reached skill level 1 in Shields
  5844 | D:6      | Reached skill level 8 in Stealth
  5952 | D:6      | Identified a scroll of acquirement
  5953 | D:6      | Got a pitted tin amulet
  5959 | D:6      | Reached XP level 9. HP: 59/59 MP: 17/17
  5999 | D:6      | Noticed jujuben's ghost (novice GrEE)
  6416 | D:7      | Found a snail-covered altar of Cheibriados.
  6572 | D:7      | Identified the amulet "Taolocuz" {Harm *Drain +Blink Str+6 Int+5} (You acquired it on level 6 of the Dungeon)
  6742 | D:7      | Noticed Prince Ribbit
  6746 | D:7      | Killed Prince Ribbit
  6746 | D:7      | Reached skill level 5 in Fighting
  7081 | D:7      | Noticed Menkaure
  7086 | D:7      | Killed Menkaure
  7088 | D:7      | Reached skill level 5 in Short Blades
  7905 | D:8      | Noticed Grum
  7912 | D:8      | HP: 2/61 [wolf[Grum] (12)]
  7912 | D:8      | Mangled by Grum

Skill      XL: |  1  2  3  4  5  6  7  8  9 |
---------------+----------------------------+-----
Spellcasting   | 1 2 3 4 5 6 |  6.2
Dodging        | 2 3 4 |  4.9
Stealth        | 6 7 8 |  8.9
Fighting       | 3 4 5 |  5.2
Short Blades   | 3 4 5 |  5.1
Evocations     | 1 3 |  3.9
Shields        | 1 2 |  2.7
Throwing       | |  2.0

Action                   |  1- 3 |  4- 6 |  7- 9 || total
-------------------------+-------+-------+-------++-------
Melee: Dagger            |    67 |   110 |   253 ||   430
       Constrict         |    19 |    24 |    41 ||    84
       Tentacles         |    12 |    17 |    47 ||    76
       Staff             |       |       |     7 ||     7
 Fire: Blowgun           |       |     8 |    15 ||    23
Throw: Stone             |       |     1 |    10 ||    11
Invok: Potion Petition   |       |       |     2 ||     2
Evoke: Wand              |       |       |    25 ||    25
  Use: Scroll            |       |     7 |     7 ||    14
       Potion            |       |     3 |     2 ||     5
 Stab: Sleeping          |     7 |    10 |    21 ||    38
       Distracted        |       |       |     3 ||     3
       Paralysed         |       |       |     4 ||     4
  Eat: Chunk             |       |     5 |     2 ||     7
       Ration            |       |       |     4 ||     4
Armor: Skin              |     5 |     8 |    18 ||    31
Dodge: Dodged            |    47 |    70 |   136 ||   253
Block: Buckler           |       |       |    15 ||    15
